 Dungeon Crawl Stone Soup version 0.29-a0-393-g47a863cc1b (webtiles) character file.

Game seed: 18102342715928052462

170328 diecastcamel the Acrobat (level 17, -22/153 HPs)
             Began as a Merfolk Fighter on May 7, 2022.
             Was the Champion of Fedhas.
             Annihilated by a tengu reaver
             ... wielding a +1 great mace of distortion
              (28 damage)
             ... on level 14 of the Dungeon on May 9, 2022.
             The game lasted 03:08:42 (37870 turns).

diecastcamel the Acrobat (Merfolk Fighter)         Turns: 37870, Time: 03:08:42

Health: -22/153    AC: 24    Str: 32    XL:     17   Next: 99%
Magic:  24/24      EV: 32    Int:  5    God:    Fedhas [******]
Gold:   576        SH: 28    Dex: 37    Spells: 16/16 levels left

rFire   + . .      SeeInvis +   g - +9 demon trident of the Damp God {venom, rC+ rN+ rCorr Str+4 Int-2}
rCold   + + .      Faith    .   t - +0 tower shield {rPois}
rNeg    + . .      Spirit   .   w - +6 chain mail of the Grim God {rPois SInv Stlth+}
rPois   +          Reflect  +   M - +2 hat of Disguise {Dex+4}
rElec   .          Harm     .   S - +0 cloak
rCorr   +          Rampage  .   D - +1 pair of gloves "Pegg" {Dex+7}
Will    +....                   n - +0 pair of boots
Stlth   +.........              Y - amulet "Ytoecvorgh" {Reflect Dex+7 SH+5}
HPRegen 0.35/turn               Z - ring "Bemeocoe" {rF+ rC+ Dex+3}
MPRegen 0.19/turn               X - +6 ring of strength

@: flayed
A: (nimble swimmer 2), mertail
a: Renounce Religion, Wall of Briars, Grow Ballistomycete, Overgrow, Grow Oklob


You were on level 14 of the Dungeon.
You worshipped Fedhas.
Fedhas was exalted by your worship.
You visited 6 branches of the dungeon, and saw 29 of its levels.
You also visited: Ossuary and Ice Cave.

You collected 2851 gold pieces.
You spent 2275 gold pieces at shops.

Inventory:

Hand Weapons
 g - the +9 demon trident of the Damp God (weapon) {venom, rC+ rN+ rCorr Str+4 Int-2}
   (You acquired it on level 1 of the Dungeon)

   It poisons the flesh of those it strikes.
   Str:       It affects your strength (+4).
   Int:       It affects your intelligence (-2).
   rC:        It protects you from cold.
   rN:        It protects you from negative energy.
   rCorr:     It protects you from acid and corrosion.
Missiles
 J - 3 curare-tipped darts (quivered)
Armour
 n - a +0 pair of boots (worn)
 t - a +0 tower shield of poison resistance (worn)
 w - the +6 chain mail of the Grim God (worn) {rPois SInv Stlth+}
   (You found it on level 5 of the Lair of Beasts)

   rPois:     It protects you from poison.
   SInv:      It lets you see invisible.
   Stlth:     It makes you more stealthy.
 x - a +1 plate armour of fire resistance
 D - the +1 pair of gloves "Pegg" (worn) {Dex+7}
   (You found it on level 2 of the Swamp)

   Dex:       It affects your dexterity (+7).
 L - a +2 leather armour of willpower
 M - the +2 hat of Disguise (worn) {Dex+4}
   (You found it on level 2 of the Lair of Beasts)

   Dex:       It affects your dexterity (+4).
 S - a +0 cloak (worn)
Jewellery
 k - a ring of flight
 F - a ring of protection from fire
 G - the ring of the Several Tales {Ice Fly Int+3 Slay+6 Stlth-}
   (You found it in an ice cave)

   [ring of ice]

   It enhances your ice magic.
   Int:       It affects your intelligence (+3).
   Slay:      It affects your accuracy & damage with ranged weapons and melee
   (+6).
   rF:        It makes you vulnerable to fire.
   rC:        It protects you from cold.
   Fly:       It grants you flight.
   Stlth:     It makes you less stealthy.
 V - a ring of protection from cold
 X - a +6 ring of strength (right hand)
 Y - the amulet "Ytoecvorgh" (around neck) {Reflect Dex+7 SH+5}
   (You bought it in a shop on level 2 of the Snake Pit)

   [amulet of reflection]

   It reflects blocked missile attacks.
   Dex:       It affects your dexterity (+7).
   SH:        It affects your SH (+5).
 Z - the ring "Bemeocoe" (left hand) {rF+ rC+ Dex+3}
   (You bought it in a shop on level 2 of the Snake Pit)

   [ring of protection from fire]

   Dex:       It affects your dexterity (+3).
   rF:        It protects you from fire.
   rC:        It protects you from cold.
Wands
 d - a wand of paralysis (10)
 l - a wand of acid (19)
 y - a wand of digging (3)
 B - a wand of iceblast (19)
 C - a wand of charming (9)
 E - a wand of mindburst (18)
 Q - a wand of flame (45)
Scrolls
 c - 11 scrolls of identify
 f - 3 scrolls of blinking
 h - 5 scrolls of fear
 m - 10 scrolls of fog
 p - 5 scrolls of poison
 s - 2 scrolls of summoning
 z - 2 scrolls of enchant armour
 K - 6 scrolls of teleportation
 N - 3 scrolls of magic mapping
 P - a scroll of enchant weapon
 T - a scroll of acquirement
Potions
 b - a potion of flight
 e - 3 potions of ambrosia
 i - 19 potions of curing
 j - 6 potions of heal wounds
 o - 5 potions of might
 q - 4 potions of mutation
 r - 4 potions of cancellation
 u - 8 potions of haste
 v - 7 potions of invisibility
 A - 3 potions of berserk rage
 H - a potion of brilliance
 O - 3 potions of resistance
Miscellaneous
 R - a lightning rod (4/4)


   Skills:
 + Level 19.0 Fighting
 + Level 14.8 Polearms
 - Level 9.0 Armour
 + Level 21.5 Dodging
 + Level 11.5 Shields
 - Level 10.0 Invocations
 - Level 4.0 Evocations


You had 16 spell levels left.
You didn't know any spells.
Your spell library contained the following spells:

 Spells                   Type           Power      Damage    Failure   Level
 Corpse Rot               Necr/Air       0%         N/A       100%        2
 Ensorcelled Hibernation  Hex/Ice        0%         N/A       100%        2
 Passwall                 Tmut/Erth      0%         N/A       100%        2
 Poisonous Vapours        Pois/Air       0%         N/A       100%        2
 Frozen Ramparts          Ice            0%         1d2       100%        3
 Gell's Gravitas          Tloc           0%         N/A       100%        3
 Lesser Beckoning         Tloc           0%         N/A       100%        3
 Swiftness                Air            0%         N/A       100%        3
 Teleport Other           Tloc           0%         N/A       100%        3
 Tukima's Dance           Hex            0%         N/A       100%        3
 Dispel Undead            Necr           0%         3d6       100%        4
 Ice Form                 Ice/Tmut       0%         N/A       100%        4
 Passage of Golubria      Tloc           0%         N/A       100%        4
 Petrify                  Tmut/Erth      0%         N/A       100%        4
 Summon Ice Beast         Ice/Summ       0%         N/A       100%        4
 Alistair's Intoxication  Tmut/Pois      0%         N/A       100%        5
 Borgnjor's Vile Clutch   Necr/Erth      0%         N/A       100%        5
 Fireball                 Conj/Fire      0%         3d3       100%        5
 Irradiate                Conj/Tmut      0%         3d13      100%        5
 Manifold Assault         Tloc           0%         N/A       100%        5
 Metabolic Englaciation   Hex/Ice        0%         N/A       100%        5
 Yara's Violent Unravell  Hex/Tmut       0%         3d3       100%        5
 Eringya's Noxious Bog    Tmut/Pois      0%         N/A       100%        6
 Starburst                Conj/Fire      0%         6d3       100%        6
 Statue Form              Tmut/Erth      0%         N/A       100%        6
 Ignition                 Fire           0%         3d3       100%        8
 Necromutation            Tmut/Necr      0%         N/A       100%        8


Dungeon Overview and Level Annotations

Branches:
Dungeon (14/15)            Temple (1/1) D:5            Lair (6/6) D:8
  Swamp (3/4) Lair:4        Snake (3/4) Lair:2        Slime (0/5) Lair:5
    Orc (2/2) D:11            Elf (0/3) Orc:2        Vaults (0/5) D:13
Ossuary (visited)           IceCv (visited)

Altars:
Ashenzari
Cheibriados
Dithmenos
Elyvilon
Fedhas
Gozag
Hepliaklqana
Kikubaaqudgha
Makhleb
Nemelex Xobeh
Okawaru
Qazlal
Ru
Sif Muna
Trog
Uskayaw
Vehumet
Wu Jian
Xom
Yredelemnul
Zin
The Shining One
Beogh

Shops:
D:3 :   D:4 (!(!   D:8 *   Orc:2 *:[?*(   Snake:1 *   Snake:2 (**(?=(

Annotations:
D:6 1 runed translucent door, royokou's ghost, novice DgCj
D:9 exclusion: obsidian statue, Harold
Lair:5 2 transporters, Novit's ghost, journeyman OpAE


Innate Abilities, Weirdness & Mutations

((You are very nimble when in or above water. (Stealth+, EV+, Speed+++)))
Your lower body shifts to a powerful aquatic tail in water.


Message History

The wall shatters!
The blast of rock fragments hits you!
* * * LOW HITPOINT WARNING * * *
Being near the torpor snail leaves you feeling lethargic.
You climb upwards.
You feel yourself speed up.
There is a stone staircase leading down here.
You start resting.
The terrible wounds on your body vanish.
You start resting.
HP restored.
You climb downwards.
You block the tengu reaver's attack. x3
The flayed ghost cries, "Feel what I felt!"
Terrible wounds open up all over your body!
The tengu reaver hits you with a +0 war axe!
The tengu reaver pecks you but does no damage.
You block the tengu reaver's attack.
There is a stone staircase leading up, spattered with blood here.
The tengu reaver hits you with a +1 great mace of distortion!!
You blink.
The yaktaur captain unwields a +3 arbalest.
The yaktaur captain misses you.
You can't go up here!
Unknown command.
Blink to where?
Press: ? - help, Dir - move target
As you read the scroll of blinking, it crumbles to dust.
The tengu reaver casts a spell at you. The bolt of fire misses you.
The tengu reaver casts a spell at you. The bolt of lightning misses you.
The bolt of lightning hits you!!!
* * * LOW HITPOINT WARNING * * *
The tengu reaver casts a spell at you. The bolt of cold hits you! You resist.
* * * LOW HITPOINT WARNING * * *
The tengu reaver casts a spell at you. The bolt of lightning hits you!!
* * * LOW HITPOINT WARNING * * *
The tengu reaver hits you with a +1 great mace of distortion!!
You die...
Fedhas appreciates your contribution to the ecosystem.

#.#.........T)≈..# #.
######+#####.##..≈†#### #.
#......<..##....#≈≈.## #.
#.........####..≈≈≈..## #.
#...).....###.T.≈m≈...# ##.
#.........##.#cHQW≈..#.######(.
#.........'..#Cc.§.............
#.........##.QQQT....###.####..
#.........####@./....# #.#
#######'### ##.###### #.# ###.#
#...### #.# #...# ###...# #.#
####'### #######'## #.#
#.....######........# #.#
#.....'....#........# ####+# #
#.....####.'........#####.....
# #.....# ###........'...#.....


You could see a stone giant, 4 tengu reavers, a yaktaur captain, a flayed ghost,
a centaur warrior, a deep troll, a manticore, a deep troll earth mage and a
water nymph.

Vanquished Creatures
  Vashnia (Snake:3)
  Nikola (Swamp:3)
  A tentacled monstrosity (Swamp:3)
  Mlioglotl (Swamp:2)
  A fenstrider witch (Swamp:2)
  Donald (Swamp:1)
  2 azure jellies (IceCv)
  An orc warlord (Orc:2)
  Aizul (Swamp:3)
  A quicksilver ooze (IceCv)
  The ghost of sirJeffrey23 the Severer, a journeyman HOMo of Beogh (D:14)
  2 eleionomae (Swamp:2)
  4 bunyips
  A minotaur (D:14)
  An ettin (D:14)
  2 salamander tyrants (Snake:3)
  Josephine (Lair:4)
  8 vault guards
  10 hydras
  3 boulder beetles
  2 ghost crabs
  2 centaur warriors (D:14)
  9 naga warriors
  4 alligators
  4 anacondas
  3 two-headed ogres
  11 naga sharpshooters
  A spriggan berserker (Swamp:3)
  4 orc high priests
  3 shock serpents
  Nergalle (D:10)
  5 goliath frogs
  5 skeletal warriors
  3 spriggan druids
  Lodul (D:10)
  4 naga ritualists
  4 swamp dragons
  2 bog bodies
  5 orc knights
  6 mana vipers
  4 deep elf pyromancers (D:14)
  4 cyclopes
  8 ugly things
  5 will-o-the-wisps
  A wolf spider (D:14)
  6 manticores
  4 orc sorcerers
  10 salamanders
  10 elephants
  A guardian serpent (Snake:3)
  27 black mambas
  2 ice statues (IceCv)
  10 naga magi
  5 orange demons (D:12)
  10 cane toads
  2 gargoyles (D:11)
  An efreet (D:13)
  A hellion (Swamp:1)
  Maggie (D:8)
  5 rime drakes
  A freezing wraith (D:14)
  12 komodo dragons
  2 tengu conjurers
  A kobold demonologist (D:9)
  5 entropy weaver simulacra (IceCv)
  8 trolls
  13 polar bears
  6 tyrant leeches
  11 hornets
  Prince Ribbit (D:6)
  18 blink frogs
  21 slime creatures
  10 dream sheep (Lair:6)
  2 water elementals (D:11)
  17 spriggans
  2 shadows (D:11)
  4 centaur simulacra (D:11)
  2 vampires
  36 yaks
  8 wraiths
  5 basilisks
  3 steam dragons
  Grum (D:8)
  5 wargs
  9 vampire mosquitoes
  8 swamp worms
  2 acid dragons
  16 nagas
  A demonic crawler simulacrum (IceCv)
  Duvessa (D:5)
  6 water moccasins
  29 orc warriors
  A meliai simulacrum (D:11)
  A swamp drake (Lair:2)
  2 sky beasts
  6 black bears
  4 ugly thing simulacra (IceCv)
  3 ice beasts
  9 ogres
  12 centaurs
  42 wolves
  7 boggarts
  2 phantoms
  3 kobold brigands
  15 bullfrogs
  A necrophage (D:8)
  2 gnoll sergeants (D:11)
  5 glowing shapeshifter simulacra (IceCv)
  9 scorpions
  3 water moccasin zombies (Ossuary)
  Dowan (D:5)
  20 killer bees
  A howler monkey (D:14)
  3 electric eels (D:7)
  A lava snake (Lair:3)
  A hound (D:5)
  8 orc priests
  3 jellies
  Ijyb (D:4)
  7 iguanas
  6 orc wizards
  5 hell rats (Lair:4)
  2 mummies (Ossuary)
  9 adders
  13 gnolls
  A shadow imp (D:5)
  5 white imps
  2 ufetubi
  3 adder zombies (Ossuary)
  2 worms
  4 dart slugs
  42 orcs
  12 ball pythons
  A bat (D:1)
  7 endoplasms
  5 giant cockroaches
  7 goblins
  6 hobgoblins
  3 jackals (D:2)
  4 quokkas
  6 frilled lizards
  5 gnoll zombies (Ossuary)
  4 hobgoblin zombies (Ossuary)
  18 kobolds
  5 kobold zombies (Ossuary)
  2 orc zombies (Ossuary)
  4 rats
862 creatures vanquished.

Vanquished Creatures (others)
  A hydra (Swamp:1)
  A bloated husk (Swamp:1)
  A naga (Snake:3)
  An ugly thing simulacrum (IceCv)
  A wolf (Lair:4)
  A bush (Lair:2)
  32 foxfires
  85 fungi
  120 plants
243 creatures vanquished.

Grand Total: 1105 creatures vanquished

Notes
Turn   | Place    | Note
-------+----------+-------------------------------------------
     0 | D:1      | diecastcamel the Merfolk Fighter began the quest for the
                  | Orb.
     0 | D:1      | Reached XP level 1. HP: 18/18 MP: 1/1
   118 | D:1      | Reached XP level 2. HP: 24/24 MP: 2/2
   750 | D:1      | Reached XP level 3. HP: 29/29 MP: 3/3
  1849 | D:1      | Identified a scroll of acquirement
  1850 | D:1      | Acquired the +9 demon trident of the Damp God {venom, rC+
                  | rN+ rCorr Str+4 Int-2}
  1993 | D:2      | Found a faded altar of an unknown god.
  2150 | D:2      | Reached XP level 4. HP: 37/37 MP: 4/4
  2627 | D:3      | Reached skill level 5 in Polearms
  2627 | D:3      | Reached XP level 5. HP: 42/42 MP: 5/5
  2630 | D:3      | Found Hucrac's Book Shop.
  3186 | D:3      | Found a sparkling altar of Nemelex Xobeh.
  3383 | D:4      | Found Cycon's Distillery.
  3384 | D:4      | Found Wiucell's Weapon Emporium.
  3426 | D:4      | Noticed a black bear
  3439 | D:4      | Killed a black bear
  3440 | D:4      | Reached XP level 6. HP: 45/49 MP: 6/6
  3637 | D:4      | Noticed Ijyb
  3639 | D:4      | Paralysed by Ijyb for 5 turns
  3647 | D:4      | Killed Ijyb
  3688 | D:4      | Reached skill level 1 in Dodging
  3728 | D:4      | Reached XP level 7. HP: 55/55 MP: 7/7
  3770 | D:4      | Reached skill level 5 in Fighting
  3804 | D:4      | Found Lisigyt's Weapon Shoppe.
  3828 | D:4      | Found Sicuost's Distillery.
  3975 | D:4      | Reached skill level 2 in Dodging
  4405 | D:5      | Entered Level 5 of the Dungeon
  4472 | D:5      | Found a staircase to the Ecumenical Temple.
  4478 | Temple   | Entered the Ecumenical Temple
  4537 | Temple   | Became a worshipper of the Shining One
  4580 | D:5      | Was placed under penance by the Shining One
  4723 | Temple   | Fell from the grace of the Shining One
  4723 | Temple   | Became a worshipper of Fedhas Madash
  4786 | D:5      | Found an iron altar of Okawaru.
  4921 | D:5      | Reached skill level 3 in Dodging
  4921 | D:5      | Reached skill level 5 in Shields
  4921 | D:5      | Reached XP level 8. HP: 56/63 MP: 8/8
  5238 | D:5      | Noticed Dowan
  5238 | D:5      | Noticed Duvessa
  5253 | D:5      | Killed Dowan
  5356 | D:5      | Found a burning altar of Makhleb.
  5386 | D:5      | Killed Duvessa
  6079 | D:6      | Found a sand-covered staircase.
  6084 | Ossuary  | Entered an ossuary
  6117 | Ossuary  | Reached skill level 4 in Dodging
  6168 | Ossuary  | Reached * piety under Fedhas
  6359 | D:6      | Reached skill level 5 in Dodging
  6471 | D:6      | Reached XP level 9. HP: 44/71 MP: 9/9
  6601 | D:6      | Found a shimmering altar of Xom.
  6870 | D:6      | Noticed Prince Ribbit
  6893 | D:6      | Killed Prince Ribbit
  6894 | D:6      | Reached skill level 6 in Dodging
  6985 | D:6      | Found a shimmering altar of Xom.
  6985 | D:6      | Noticed royokou's ghost (novice DgCj)
  6985 | D:6      | Noticed a +1 dagger of chaos
  6986 | D:6      | Found a runed translucent door.
  7365 | D:7      | Reached ** piety under Fedhas
  7703 | D:7      | Reached skill level 10 in Polearms
  7763 | D:7      | Found a sacrificial altar of Ru.
  7854 | D:7      | Identified the +1 leather armour of the Past {rPois}
  8022 | D:7      | Reached skill level 1 in Invocations
  8522 | D:7      | Reached skill level 7 in Dodging
  8646 | D:8      | Found a snail-covered altar of Cheibriados.
  8658 | D:8      | Found a stormy altar of Qazlal.
  8683 | D:8      | Found Syclaes's Lightly-Used Armoury.
  8869 | D:8      | Noticed Maggie
  8872 | D:8      | Noticed a komodo dragon
  8874 | D:8      | Noticed Grum
  8996 | D:8      | Killed a komodo dragon
  8997 | D:8      | Reached XP level 10. HP: 80/80 MP: 7/12
  9121 | D:8      | Killed Grum
  9216 | D:8      | Found a staircase to the Lair.
  9565 | D:9      | Reached skill level 8 in Dodging
  9663 | D:9      | Reached skill level 5 in Armour
  9753 | D:9      | Noticed a two-headed ogre
  9762 | D:9      | Killed a two-headed ogre
  9763 | D:9      | Reached skill level 1 in Evocations
  9916 | D:9      | Found a shimmering blue altar of Sif Muna.
 10109 | D:9      | Identified the ring "Owabi" {Wiz *Slow +Blink rElec MP-9}
 10109 | D:9      | Noticed Harold
 10184 | D:9      | Reached *** piety under Fedhas
 10185 | D:9      | Reached skill level 9 in Dodging
 10403 | D:9      | Noticed a kobold demonologist
 10411 | D:9      | Noticed an orange demon
 10414 | D:9      | Killed a kobold demonologist
 10415 | D:9      | Reached XP level 11. HP: 63/89 MP: 10/14
 10637 | D:9      | Noticed an obsidian statue
 10738 | D:10     | Entered Level 10 of the Dungeon
 10838 | D:10     | Found a glowing silver altar of Zin.
 11712 | D:10     | Noticed Lodul
 11919 | Lair:1   | Entered Level 1 of the Lair of Beasts
 11966 | Lair:1   | Noticed a seven-headed hydra
 11988 | Lair:1   | Killed a seven-headed hydra
 12034 | Lair:1   | Got Nipsiech's Compendium of Moulding
 12133 | Lair:1   | Reached skill level 10 in Dodging
 12137 | Lair:1   | Reached **** piety under Fedhas
 12265 | Lair:1   | Reached skill level 10 in Fighting
 12620 | Lair:1   | Reached XP level 12. HP: 78/98 MP: 12/15
 12633 | Lair:1   | Reached skill level 5 in Invocations
 12640 | Lair:1   | Reached skill level 11 in Dodging
 13283 | Lair:2   | Identified the +2 hat of Disguise {Dex+4}
 13497 | Lair:2   | Found a gate leading to a gauntlet.
 13509 | Lair:2   | Found a staircase to the Snake Pit.
 13957 | Lair:2   | Noticed a six-headed hydra
 14275 | Lair:2   | Killed a six-headed hydra
 15534 | Lair:4   | Reached skill level 12 in Dodging
 15620 | Lair:4   | Found a staircase to the Swamp.
 15648 | Lair:4   | Reached ***** piety under Fedhas
 15790 | Lair:4   | Noticed Josephine
 15800 | Lair:4   | Killed Josephine
 15801 | Lair:4   | Reached XP level 13. HP: 97/106 MP: 16/18
 16708 | Lair:4   | Found a white marble altar of Elyvilon.
 17098 | Lair:5   | Identified the +6 chain mail of the Grim God {rPois SInv
                  | Stlth+}
 17150 | Lair:5   | Found a transporter.
 17156 | Lair:5   | Found a staircase to the Slime Pits.
 17157 | Lair:5   | Noticed Novit's ghost (journeyman OpAE)
 17162 | Lair:5   | Found a bloodstained altar of Trog.
 17521 | Lair:5   | Identified the +7 flail "Eghapo" {drain, rF++ Will+ Str+3}
 17545 | Lair:5   | Found a transporter.
 17731 | Lair:6   | Entered Level 6 of the Lair of Beasts
 17832 | Lair:5   | Reached skill level 13 in Dodging
 18397 | Lair:6   | Paralysed by a hornet for 3 turns
 18411 | Lair:6   | Reached skill level 14 in Dodging
 18655 | Lair:6   | Reached XP level 14. HP: 118/118 MP: 20/20
 18710 | Lair:6   | Identified the +0 great sword of Mutilation {vorpal, rN+}
 18801 | Lair:6   | Reached ****** piety under Fedhas
 19029 | Lair:6   | Reached skill level 15 in Dodging
 19670 | D:10     | Killed Lodul
 19721 | D:10     | Noticed Nergalle
 19748 | D:10     | Killed Nergalle
 20168 | D:8      | Killed Maggie
 20270 | D:11     | Found a frozen archway.
 20302 | IceCv    | Entered an ice cave
 21306 | IceCv    | Noticed a quicksilver ooze
 21319 | IceCv    | Killed a quicksilver ooze
 21320 | IceCv    | Reached skill level 16 in Dodging
 21457 | IceCv    | Noticed an azure jelly
 21474 | IceCv    | Killed an azure jelly
 21490 | IceCv    | Found a viscous altar of Jiyva.
 21490 | IceCv    | Noticed an azure jelly
 21501 | IceCv    | Killed an azure jelly
 21532 | IceCv    | Identified the +3 ice dragon scales of the Silly God {rF-
                  | rC++ Dex+5 Slay-4 SInv}
 21537 | IceCv    | Got the ring of the Several Tales {Ice Fly Int+3 Slay+6
                  | Stlth-}
 22256 | D:11     | Found a staircase to the Orcish Mines.
 22553 | D:11     | Reached XP level 15. HP: 127/127 MP: 22/22
 22718 | D:11     | Upgraded the game from 0.29-a0-384-g6960b1960d to
                  | 0.29-a0-392-g297d3b089c
 23144 | D:12     | Reached skill level 15 in Fighting
 23433 | D:12     | Reached skill level 10 in Invocations
 23454 | D:12     | Reached skill level 17 in Dodging
 24156 | D:13     | Identified the +6 rapier "Xyel" {flame, Will+ Str+2}
 24450 | D:13     | Found a gate to the Vaults.
 24732 | D:13     | Reached skill level 18 in Dodging
 25406 | Orc:1    | Entered Level 1 of the Orcish Mines
 25476 | Orc:2    | Entered Level 2 of the Orcish Mines
 25476 | Orc:2    | Found Sifaw's CLEARANCE SALE!.
 25477 | Orc:2    | Found Urapp's Magic Scroll Shoppe.
 25519 | Orc:2    | Bought a potion of curing for 6 gold pieces
 25706 | Orc:2    | Found Ylimai's Antique Weapon Boutique.
 25763 | Orc:2    | Found Exer's General Store.
 25786 | Orc:2    | Noticed an orc warlord
 26402 | Orc:2    | Paralysed by an orc sorcerer for 2 turns
 26530 | Orc:2    | Paralysed by an orc sorcerer for 2 turns
 26747 | Orc:2    | Killed an orc warlord
 27043 | Orc:2    | Found Lajim's Antique Armour Shop.
 27250 | Orc:2    | Found Yrum's Book Emporium.
 27261 | Orc:2    | Found a staircase to the Elven Halls.
 27946 | Orc:2    | Bought a runed plate armour for 494 gold pieces
 28102 | Snake:1  | Entered Level 1 of the Snake Pit
 28140 | Snake:1  | Reached XP level 16. HP: 137/139 MP: 23/23
 28718 | Snake:1  | Found Asoil's General Store.
 28723 | Snake:1  | Bought a potion of curing for 45 gold pieces
 28723 | Snake:1  | Bought a scroll of magic mapping for 52 gold pieces
 28759 | Snake:1  | Reached skill level 19 in Dodging
 28981 | Snake:1  | Bought a scroll of blinking for 112 gold pieces
 29182 | Snake:2  | Found Xaqaerghaamp's Antique Weapon Boutique.
 29204 | Snake:2  | Found Maumoq's Assorted Antiques.
 29309 | Snake:2  | Bought a cabochon ring for 110 gold pieces
 29334 | Snake:2  | Found Dexaerr's Magic Scroll Shop.
 29335 | Snake:2  | Found Xojuagh's General Store.
 29342 | Snake:2  | Bought a scroll of teleportation for 54 gold pieces
 29351 | Snake:2  | Bought a scroll of teleportation for 45 gold pieces
 29351 | Snake:2  | Found Alexagus's Weapon Shop.
 29422 | Snake:2  | Found Uhuman Dec's Jewellery Emporium.
 29430 | Snake:2  | Bought the amulet "Ytoecvorgh" {Reflect Dex+7 SH+5} for 723
                  | gold pieces
 29440 | Snake:2  | Bought the ring "Bemeocoe" {rF+ rC+ Dex+3} for 634 gold
                  | pieces
 29717 | Snake:2  | Found Vudiaph's Weapon Emporium.
 30003 | Snake:2  | Upgraded the game from 0.29-a0-392-g297d3b089c to
                  | 0.29-a0-393-g47a863cc1b
 31785 | Snake:3  | Found an ancient bone altar of Kikubaaqudgha.
 32046 | Snake:3  | Reached skill level 20 in Dodging
 32609 | Snake:3  | Noticed Vashnia
 32657 | Snake:3  | Killed Vashnia
 32658 | Snake:3  | Reached XP level 17. HP: 121/149 MP: 0/24
 32969 | Swamp:1  | Entered Level 1 of the Swamp
 33623 | Swamp:1  | Reached skill level 10 in Shields
 33975 | Swamp:1  | Noticed Donald
 33990 | Swamp:1  | Killed Donald
 34518 | Swamp:2  | Identified the +1 leather armour "Atuam" {Dex+2}
 34531 | Swamp:2  | Identified the +1 pair of gloves "Pegg" {Dex+7}
 34573 | Swamp:2  | Noticed Mlioglotl
 34585 | Swamp:2  | Killed Mlioglotl
 34932 | Swamp:2  | Paralysed by a fenstrider witch for 5 turns
 35306 | Swamp:2  | Reached skill level 21 in Dodging
 35516 | Swamp:3  | Noticed a tentacled monstrosity
 35558 | Swamp:3  | Killed a tentacled monstrosity
 35640 | Swamp:3  | Got the Papyrus of Warped Black Magic
 35662 | Swamp:3  | Noticed Aizul
 35680 | Swamp:3  | Killed Aizul
 35848 | Swamp:3  | Identified the +1 leather armour of Duck's Teeth {rF+
                  | Int+2}
 36365 | Swamp:3  | Noticed Nikola
 36375 | Swamp:3  | Killed Nikola
 36813 | D:14     | Found a runed translucent gate.
 36813 | D:14     | Found a runed translucent gate.
 36813 | D:14     | Found a runed translucent gate.
 36824 | D:14     | Noticed sirJeffrey23's ghost (journeyman HOMo)
 36857 | D:14     | Killed sirJeffrey23's ghost
 37247 | D:14     | Found a huge runed gate.
 37247 | D:14     | Found a huge runed gate.
 37247 | D:14     | Found a huge runed gate.
 37247 | D:14     | Found a huge runed gate.
 37247 | D:14     | Found a huge runed gate.
 37247 | D:14     | Found a huge runed gate.
 37247 | D:14     | Found a huge runed gate.
 37247 | D:14     | Found a huge runed gate.
 37247 | D:14     | Found a huge runed gate.
 37247 | D:14     | Found a huge runed gate.
 37284 | D:14     | Found a huge runed gate.
 37284 | D:14     | Found a huge runed gate.
 37284 | D:14     | Found a huge runed gate.
 37284 | D:14     | Found a huge runed gate.
 37284 | D:14     | Found a huge runed gate.
 37286 | D:14     | Found a huge runed gate.
 37287 | D:14     | Found a huge runed gate.
 37288 | D:14     | Found a huge runed gate.
 37289 | D:14     | Found a huge runed gate.
 37302 | D:14     | Found a huge runed gate.
 37302 | D:14     | Found a huge runed gate.
 37302 | D:14     | Found a huge runed gate.
 37302 | D:14     | Found a huge runed gate.
 37302 | D:14     | Found a huge runed gate.
 37302 | D:14     | Found a huge runed gate.
 37303 | D:14     | Found a huge runed gate.
 37304 | D:14     | Found a huge runed gate.
 37305 | D:14     | Found a huge runed gate.
 37446 | D:14     | Found a huge runed gate.
 37446 | D:14     | Found a huge runed gate.
 37446 | D:14     | Found a huge runed gate.
 37446 | D:14     | Found a huge runed gate.
 37446 | D:14     | Found a huge runed gate.
 37447 | D:14     | Found a huge runed gate.
 37448 | D:14     | Found a huge runed gate.
 37449 | D:14     | Found a huge runed gate.
 37870 | D:14     | HP: 6/153 [tengu reaver/bolt of lightning (33)]
 37870 | D:14     | Annihilated by a tengu reaver

Illustrated notes

Levels and vault maps discovered:
D:1:      scummos_arrival_hexagon, layout_basic, minmay_tetromino_i2
D:2:      layout_basic, shapermc_ecumenical_altar_petra, minmay_misc_feat_chi
D:3:      layout_loops_cross, nemelex_dance_club_becter, serial_shops,
          nicolae_shop_advertising_works [nicolae_subvault_shop_adworks]
D:4:      layout_gridville, serial_shops, shop, kennysheep_mini_moat,
          nicolae_shop_bloodbath_and_beyond, nicolae_shop_waterfront, uniq_ijyb
D:5:      layout_loops_corners, lightli_temple_of_fire, okawaru_gym_becter,
          minmay_temple_entry_purple_smoke, uniq_duvessa
D:6:      layout_basic, mainiacjoe_overflow_concentric_impassable,
          ebering_ghost_xom, enter_ossuary_2, uniq_prince_ribbit1
D:7:      layout_basic, old_standard_altar, hex_medium, serial_bayou_ford_a
D:8:      layout_loops_corners, mainiacjoe_overflow_catwalk_spiral,
          due_lair_maze_entry_diamond, minmay_shop_damaged,
          minmay_misc_feat_secret_circle, kennysheep_cross_bottleneck,
          dreamdust_princess_bridge, hangedman_decor_slide_cut, uniq_maggie,
          uniq_grum
D:9:      layout_irregular_city, old_standard_altar, minmay_protected_statue,
          uniq_harold
D:10:     layout_roguey, zin_academy, dreamdust_wishing_well,
          grunt_ministairs_1, uniq_lodul, uniq_nergalle
D:11:     layout_loops_ring, david_orc_2, serial_ice, serial_ice_b,
          serial_ice_j, serial_ice_g, serial_ice_o, serial_ice_a, serial_ice_m,
          portal_ice_cave_rime
D:12:     layout_loops_ring, einodemon_barbed_minivault
D:13:     layout_gridville, erik_vaults_2, grunt_ministairs_7,
          roderic_roman_lattice
D:14:     layout_roguey, maelrawn_ghost_gauntlet_escape, door_vault
Temple:   cyrus_circular_temple
Lair:1:   layout_cave_pods, infiniplex_staircase_pool
Lair:2:   layout_roguey, guppyfry_snake_entry_island, gauntlet_entry_generic,
          wad_woods_06, pond, grunt_megastairs_4
Lair:3:   layout_gridlike, st_stairs_10, nicolae_quartered_pool_impasse,
          grunt_megastairs_1
Lair:4:   layout_cave_pods, minmay_swamp_entry_reptiles, basic_altar,
          kilobyte_rumbling_trees, serial_bayou_shore_b, uniq_josephine
Lair:5:   layout_regular_city, slime_dummy, gammafunk_ghost_wrathful_warriors
Lair:6:   minmay_lair_end_enchanted_forest, layout_misc_corridors,
          columned_hall_lemuel, grunt_megastairs_5, infiniplex_staircase_pool_2
Swamp:1:  layout_falls_marsh, evilmike_swamp_ruin_rubble_1, uniq_donald
Swamp:2:  layout_basic_swamp, nicolae_swamp_orc_logging_accident, uniq_mlioglotl
Swamp:3:  layout_falls_marsh, evilmike_swamp_ruin_rubble_2, swamp_pool4,
          uniq_aizul, uniq_nikola
Snake:1:  layout_rooms, serial_shops, nicolae_shop_hallway_stairs,
          grunt_megastairs_3
Snake:2:  layout_cave_town, serial_shops, shop, shop, shop, shop_scrolls,
          nicolae_shop_trees, serial_bayou_pond_c, minmay_shoptagon
Snake:3:  cheibrodos_snake_ritualist_ritual, layout_concentric_octagons,
          lemuel_oklob_altar, uniq_vashnia
Orc:1:    nicolae_orc_accident_2, layout_diamond_mine
Orc:2:    grunt_orc_gardens, layout_diamond_mine, grunt_orc_garden,
          grunt_orc_garden, grunt_orc_garden, grunt_orc_garden, serial_shops,
          nicolae_shop_crystal, nicolae_shop_clearance

Skill      XL: |  1  2  3  4  5  6  7  8  9 10 11 12 13 14 15 16 17 |
---------------+----------------------------------------------------+-----
Polearms       | 3 4 5 6 8 9 10 11 13 14 | 14.8
Fighting       | 4 5 6 8 9 10 11 13 14 16 17 19 | 19.0
Shields        | 4 5 6 9 11 | 11.5
Dodging        | 1 3 5 7 9 10 12 14 16 18 20 21 | 21.5
Armour         | 3 4 5 6 7 8 9 |  9.0
Invocations    | 3 4 7 8 9 10 | 10.0
Evocations     | 2 4 |  4.0

Action                   |  1- 3 |  4- 6 |  7- 9 | 10-12 | 13-15 | 16-18 || total
-------------------------+-------+-------+-------+-------+-------+-------++-------
Melee: Trident           |    81 |       |       |       |       |       ||    81
       Demon trident     |    13 |    81 |   224 |   482 |  1240 |   899 ||  2939
       Tailslap          |       |       |       |       |       |    48 ||    48
Throw: Stone             |     5 |     3 |     2 |     2 |       |       ||    12
       Dart              |       |       |    26 |     9 |     3 |       ||    38
Invok: Wall of Briars    |       |       |     1 |     5 |     9 |     2 ||    17
Evoke: Wand              |       |       |       |     9 |       |       ||     9
  Use: Scroll            |     5 |     3 |    10 |     6 |     4 |     3 ||    31
       Potion            |       |     1 |     1 |     2 |       |     2 ||     6
Armor: Scale mail        |    20 |       |       |       |       |       ||    20
       Plate armour      |     1 |    11 |    67 |   123 |    25 |       ||   227
       Chain mail        |       |       |       |       |   193 |    88 ||   281
Dodge: Dodged            |    20 |    14 |    43 |   118 |   369 |   310 ||   874
Block: Buckler           |    12 |     6 |    21 |    61 |   216 |   117 ||   433
       Tower shield      |       |       |       |       |       |   403 ||   403
       Reflection        |       |       |       |       |       |    49 ||    49

Table legend: (Time is in decaauts)
 A = Elapsed time spent in this place.
 B = Non-inter-level travel time spent in this place.
 C = Inter-level travel time spent in this place.
 D = Time resting spent in this place.
 E = Time spent auto-exploring this place.
 F = Levels seen in this place.
 G = Mean time per level.
                   A        B        C        D        E       F      G
               +--------+--------+--------+--------+--------+-----+--------+
         Total |  36831 |  34248 |   2583 |   8708 |  17517 |  31 | 1188.1 |
       Dungeon |  17157 |  15673 |   1484 |   3740 |   8346 |  14 | 1225.5 |
        Temple |    121 |     53 |     68 |      0 |     38 |   1 |  121.0 |
          Lair |   7718 |   7217 |    501 |    997 |   4504 |   6 | 1286.3 |
         Swamp |   3358 |   3240 |    118 |   1257 |   1361 |   3 | 1119.3 |
     Snake Pit |   4622 |   4403 |    219 |   1282 |   2099 |   3 | 1540.7 |
  Orcish Mines |   2403 |   2211 |    192 |    908 |    874 |   2 | 1201.5 |
       Ossuary |    186 |    186 |      0 |      0 |     79 |   1 |  186.0 |
      Ice Cave |   1262 |   1262 |      0 |    523 |    215 |   1 | 1262.0 |
               +--------+--------+--------+--------+--------+-----+--------+

Top non-repeatable levels by time:
 Snake:3: 2400 daAuts
     D:1: 1797 daAuts
  Lair:6: 1646 daAuts
  Lair:4: 1554 daAuts
    D:10: 1518 daAuts
    D:13: 1458 daAuts
     D:5: 1453 daAuts
   Orc:1: 1435 daAuts
  Lair:1: 1372 daAuts
 Snake:2: 1353 daAuts
     D:7: 1347 daAuts
     D:9: 1318 daAuts
    D:11: 1300 daAuts
   IceCv: 1262 daAuts
    D:12: 1247 daAuts
